Map: [ESL] NeoHumanity

Players

Coffee

  • Race: Terran Terran
  • Spawn Location: 11:00

Oliveira - Winner!

  • Race: Terran Terran
  • Spawn Location: 5:00

Event: ESL SC2 Masters 2023 Summer (Regionals)

VOD

Have the link to the VOD?

Description

Time

  • Played on: May 21, 2023, 9:34 a.m.
  • Length: 7:36

All games in this series

Show
View Real Time Build Order
Export as new Build Order

Coffee Terran 

Build Orders: Gas First Reaper Expand, Hellion Opening 

Get SALT Encoding   

  12  0:00  SCV  
  13  0:12  SCV  
  14  0:17  Supply Depot  
  14  0:24  SCV  
  15  0:28  Refinery  
  15  0:38  SCV  
  16  0:44  Barracks  
  16  0:51  SCV  
  17  1:03  SCV  
  18  1:15  SCV  
  19  1:31  Orbital Command, Reaper  
  20  1:44  Command Center  
  20  1:52  Factory  
  20  1:57  SCV  
  21  2:05  Supply Depot  
  21  2:06  Barracks Reactor  
  21  2:09  SCV  
  21  2:13  Refinery  
  22  2:21  SCV  
  23  2:33  SCV  
  24  2:40  Starport  
  24  2:45  Hellion x2  
  24  2:46  SCV  
  24  2:50  Barracks Tech Lab  
  29  2:56  Orbital Command  
  29  2:58  SCV  
  30  3:09  Hellion x2  
  30  3:10  SCV  
  30  3:11  Orbital Command  
  35  3:23  Raven, Barracks Tech Lab  
  35  3:25  SCV  
  38  3:31  Hellion x2  
  42  3:36  SCV  
  42  3:37  SCV  
  42  3:40  Supply Depot  
  44  3:48  SCV  
  45  3:49  SCV, Refinery  
  46  4:01  Marine x2  
  46  4:02  Raven  
  50  4:03  Cyclone  
  50  4:06  SCV  
  50  4:08  Supply Depot  
  54  4:17  SCV  
  54  4:19  SCV, Marine  
  54  4:20  Marine  
  46  4:37  Marine, Siege Tank  
  46  4:38  Marine  
  43  4:39  SCV x2  
  45  4:51  Raven  
  45  4:52  SCV x2  
  49  4:53  Supply Depot  
  49  4:55  Marine  
  49  4:56  Marine  
  51  5:04  SCV x2  
  53  5:10  Command Center  
  53  5:18  SCV  
  53  5:20  Siege Tank  
  52  5:24  SCV  
  53  5:30  SCV  
  53  5:34  Viking  
  53  5:35  Viking  
  58  5:36  SCV  
  58  5:41  Refinery  
  58  5:42  SCV  
  60  5:48  Marine, SCV  
  61  5:54  SCV  
  49  6:08  Marine  
  49  6:09  Viking  
  48  6:14  SCV  
  48  6:15  Liberator  
  49  6:23  Orbital Command  
  49  6:26  Marine  
  49  6:31  SCV  
  49  6:51  Marine  
  44  6:56  Siege Tank  
  37  7:01  Viking  
  36  7:09  Marine  
  36  7:12  SCV  
  34  7:24  SCV  
Show
View Real Time Build Order
Export as new Build Order

Oliveira Terran - Winner!

Build Orders:  

Get SALT Encoding   

  12  0:00  SCV  
  13  0:12  SCV  
  14  0:17  Supply Depot  
  14  0:24  SCV  
  15  0:38  SCV  
  15  0:40  Barracks  
  16  0:44  Refinery  
  16  0:50  SCV  
  16  0:53  Refinery  
  17  1:02  SCV  
  18  1:14  SCV  
  19  1:26  Reaper  
  19  1:27  Orbital Command  
  19  1:28  Supply Depot  
  20  1:42  Factory  
  20  1:53  SCV  
  21  1:59  Barracks Reactor  
  21  2:05  SCV  
  22  2:17  SCV  
  22  2:22  Command Center  
  23  2:27  Hellion  
  25  2:30  SCV  
  25  2:35  Reaper x2  
  28  2:40  Supply Depot  
  28  2:42  SCV  
  29  2:49  Hellion  
  31  2:56  Starport  
  31  3:02  SCV  
  32  3:08  Marine x2  
  32  3:11  Factory Tech Lab  
  34  3:14  SCV  
  35  3:26  Marine x2  
  37  3:33  Siege Tank  
  40  3:35  Medivac  
  40  3:36  SCV  
  40  3:40  Orbital Command  
  43  3:44  Marine x2  
  45  3:49  SCV  
  46  3:56  Supply Depot  
  44  4:03  Marine x2  
  44  4:07  Starport Tech Lab, Siege Tank  
  44  4:08  SCV  
  44  4:09  SCV  
  51  4:14  Refinery  
  51  4:21  Marine  
  47  4:27  SCV  
  46  4:31  SCV  
  46  4:33  Marine  
  46  4:37  Raven  
  47  4:39  SCV  
  47  4:43  SCV  
  47  4:47  Cyclone  
  47  4:51  SCV, Command Center  
  51  4:56  SCV  
  52  5:03  Barracks  
  52  5:04  Barracks  
  52  5:05  SCV  
  53  5:09  Barracks Tech Lab  
  53  5:19  SCV  
  53  5:20  SCV  
  55  5:22  Raven  
  55  5:26  Siege Tank  
  55  5:27  Supply Depot  
  60  5:29  Marine  
  60  5:31  SCV  
  62  5:36  Supply Depot  
  62  5:40  Stimpack  
  62  5:49  Marine, SCV x2  
  62  5:57  Marine  
  62  6:01  SCV  
  59  6:08  Siege Tank  
  59  6:09  Marine x2  
  59  6:10  Orbital Command  
  60  6:20  Marine  
  61  6:31  Marine  
  58  6:38  Marine  
  58  6:46  Marine  
  56  6:50  Marine  
  56  6:51  Orbital Command  
  56  6:52  Marine  
  46  6:56  Marine  
  46  6:57  SCV  
  38  7:03  SCV  
  38  7:04  Marine  
  28  7:08  Marine  
  28  7:09  SCV  
  28  7:14  Marine  
  30  7:18  SCV x2  
Tags
 
Add a new tag
Caveats
  • Supply blocks, unpowered buildings, or Contaminate may cause inaccurate times.
  • Supply counts are checked every 10 seconds.